 Dungeon Crawl Stone Soup version 0.28-a0-1616-g050a50673c (webtiles) character file.

Game seed: 15951773410892184587

50 timneilson the Shield-Bearer (level 3, -1/23 HPs)
             Began as a Gargoyle Fighter on Jan 23, 2022.
             Slain by an orc (3 damage)
             ... on level 3 of the Dungeon.
             The game lasted 00:02:55 (1813 turns).

timneilson the Shield-Bearer (Gargoyle Fighter)     Turns: 1813, Time: 00:02:56

Health: -1/23      AC: 12    Str: 21    XL:     3   Next: 79%
Magic:  3/3        EV:  7    Int:  8    God:
Gold:   44         SH:  4    Dex:  9    Spells: 2/2 levels left

rFire   . . .      SeeInvis .   a - +0 long sword
rCold   . . .      Faith    .   c - +0 buckler
rNeg    + . .      Spirit   .   g - +0 chain mail
rPois   ∞          Reflect  .   (no helmet)
rElec   +          Harm     .   (no cloak)
rCorr   .          Rampage  .   (no gloves)
Will    .....                   (no boots)
Stlth   ..........              (no amulet)
HPRegen 0.07/turn               (no ring)
MPRegen 0.08/turn               (no ring)

@: hasted, slow
A: sickness immunity, AC +3, negative energy resistance 1, electricity
resistance, torment resistance 1, petrification resistance
a: no special abilities


You were on level 3 of the Dungeon.
You visited 1 branch of the dungeon, and saw 3 of its levels.

You collected 44 gold pieces.

Inventory:

Hand Weapons
 a - a +0 long sword (weapon)
Armour
 c - a +0 buckler (worn)
 e - a +0 plate armour
 g - a +0 chain mail (worn)
Scrolls
 i - a scroll of fog
Potions
 d - a potion of might


   Skills:
 + Level 3.5 Fighting
 * Level 2.3 Long Blades
 * Level 3.8 Armour
 + Level 0.5 Dodging
 * Level 3.8 Shields


You had 2 spell levels left.
You didn't know any spells.
Your spell library was empty.

Dungeon Overview and Level Annotations

Branches:
Dungeon (3/15)

Altars:

Portals:
Sewer: D:3


Innate Abilities, Weirdness & Mutations

You are immune to sickness and miasma.
Your stone body is resilient. (AC +3)
You are immune to poison.
You resist negative energy. (rN+)
You are resistant to electric shocks. (rElec)
You are resistant to unholy torment.
You are immune to petrification.


Message History

The gnoll shouts!
An adder comes into view.
The adder hisses angrily.
You enter the shallow water.
Moving in this stuff is going to be slow.
Found a glowing drain.
The adder bites you but does no damage. You block the adder's attack.
Your unstable footing causes you to fumble your attack.
The adder bites you but does no damage. The adder barely misses you.
The gnoll hits you with a +0 whip.
You barely miss the adder. The adder barely misses you.
The gnoll hits you but does no damage. The gnoll hits you with a +0 whip.
The orc hits you with a +0 club.
You miss the adder. The adder bites you but does no damage.
You block the gnoll's attack. The gnoll hits you but does no damage.
The adder barely misses you. The orc hits you but does no damage.
You hit the adder.
The adder is moderately wounded.
You block the adder's attack. The gnoll hits you but does no damage.
The gnoll hits you with a +0 whip. You block the orc's attack.
The adder completely misses you. The gnoll hits you but does no damage.
The gnoll hits you with a +0 whip.
You closely miss the adder.
The adder is moderately wounded.
The orc hits you but does no damage. The adder bites you but does no damage.
The gnoll barely misses you. The gnoll hits you with a +0 whip.
You block the orc's attack. The adder closely misses you.
You hit the adder.
The adder is heavily wounded.
You block the gnoll's attack. The gnoll hits you but does no damage.
The adder bites you but does no damage. The orc hits you with a +0 club.
Your unstable footing causes you to fumble your attack.
The adder bites you.
* * * LOW HITPOINT WARNING * * *
The gnoll hits you but does no damage. x2; The orc barely misses you.
The adder barely misses you. The gnoll hits you but does no damage.
The gnoll hits you with a +0 whip.
* * * LOW HITPOINT WARNING * * *
You feel yourself speed up. The orc hits you with a +0 club.
You die...

#.........##.#..<
#.........# ...#.
.##.........# .##
............##..#
.#..............
..#.............
#.#...........#.
#.!.....o########
###.....g@S≈≈≈≈≈∩
##....g########
#...... ......##.
#......# g
#......# .
##.##.. .. ..


You could see 2 gnolls, an adder and an orc.

Vanquished Creatures
  An adder skeleton (D:2)
  3 bats
  9 endoplasms
  5 goblins
  7 hobgoblins
  6 kobolds
  2 quokkas (D:2)
  2 ball pythons
  A frilled lizard (D:2)
  4 rats
40 creatures vanquished.

Notes
Turn   | Place    | Note
-------+----------+-------------------------------------------
     0 | D:1      | timneilson the Gargoyle Fighter began the quest for the
                  | Orb.
     0 | D:1      | Reached XP level 1. HP: 14/14 MP: 1/1
   194 | D:1      | Reached XP level 2. HP: 19/19 MP: 2/2
   834 | D:2      | Reached XP level 3. HP: 19/23 MP: 3/3
   918 | D:2      | Found a faded altar of an unknown god.
  1805 | D:3      | Found a glowing drain.
  1813 | D:3      | Slain by an orc

Illustrated notes

Levels and vault maps discovered:
D:1:      eino_arrival_cavern_c, layout_basic, minivault_27,
          grunt_decor_junction, minmay_tripent
D:2:      layout_loops_ring, ebering_ecumenical_altar_mist, minivault_27,
          grunt_ministairs_8, nrook_mini_vaults
D:3:      layout_rooms, portal_sewer_entry_d

Skill      XL: |  1  2 |
---------------+-------+-----
Long Blades    | 2 |  2.3
Fighting       | |  3.5
Armour         | |  3.8
Dodging        | |  0.5
Shields        | |  3.8

Action                   || total
-------------------------++-------
Melee: Long sword        ||   118
  Use: Scroll            ||     5
       Potion            ||     1
Armor: Chain mail        ||    73
       Scale mail        ||     1
Dodge: Dodged            ||    53
Block: Buckler           ||    30

Table legend: (Time is in decaauts)
 A = Elapsed time spent in this place.
 B = Non-inter-level travel time spent in this place.
 C = Inter-level travel time spent in this place.
 D = Time resting spent in this place.
 E = Time spent auto-exploring this place.
 F = Levels seen in this place.
 G = Mean time per level.
                   A        B        C        D        E       F      G
               +--------+--------+--------+--------+--------+-----+--------+
         Total |   1852 |   1769 |     83 |      0 |   1384 |   3 |  617.3 |
       Dungeon |   1852 |   1769 |     83 |      0 |   1384 |   3 |  617.3 |
               +--------+--------+--------+--------+--------+-----+--------+

Top non-repeatable levels by time:
     D:2: 1041 daAuts
     D:1: 788 daAuts
     D:3: 21 daAuts
